3AA
ASHEVILLE HIGHLANDERS @ BELVEDERE PARK RAWHIDES
07/29/2039
 
TOP OF THE 1ST
Asheville Highlanders batting - Pitching for Belvedere Park Rawhides : RHP Craig Mack
Pitching: RHP Craig Mack
Batting: LHB Ji-e Loh 0-0: Ball
1-0: Foul Ball, location: 2F
1-1: Foul Ball, location: 2F
1-2: Foul Ball, location: 2F
1-2: Ball
2-2: Ball
3-2: Ground out U3 (Groundball, 3S, EV 84.4 MPH)
Batting: RHB Cleveland Kraut 0-0: Fly out, F8 (Flyball, 8RS, EV 89.4 MPH)
Batting: RHB Tony Castellanos 0-0: Ground out 1-3 (Groundball, 13S, EV 70.6 MPH)
Top of the 1st over - 0 runs, 0 hits, 0 errors, 0 left on base; Asheville 0 - Belvedere Park 0
BOTTOM OF THE 1ST
Belvedere Park Rawhides batting - Pitching for Asheville Highlanders : RHP Patrick Nicolas
Pitching: RHP Patrick Nicolas
Batting: SHB Hélio Capriati 0-0: Ball
1-0: Ground out 4-3 (Groundball, 34, EV 87.5 MPH)
Batting: RHB Cristóbal Arteaga 0-0: SINGLE (Groundball, 56S, EV 66.9 MPH) (infield hit)
Batting: RHB Jun-soo Yi 0-0: Ball
1-0: Called Strike
1-1: Fly out, F8 (Flyball, 8LD, EV 102.5 MPH)
Runner from 1st tags up, SAFE at 2nd
Batting: RHB Mauro Jasso 0-0: Ball
1-0: Foul Ball, location: 2F
1-1: Ball
2-1: Foul Ball, location: 2F
2-2: Fly out, F9 (Flyball, 9LMF, EV 90.0 MPH)
Bottom of the 1st over - 0 runs, 1 hit, 0 errors, 1 left on base; Asheville 0 - Belvedere Park 0
TOP OF THE 2ND
Asheville Highlanders batting - Pitching for Belvedere Park Rawhides : RHP Craig Mack
Batting: SHB Christian Cole 0-0: Ball
1-0: Swinging Strike
1-1: Called Strike
1-2: Ball
2-2: Foul Ball, location: 2F
2-2: Ball
3-2: Strikes out swinging
Batting: LHB Frank Morris 0-0: Foul Ball, location: 2F
0-1: Ball
1-1: Called Strike
1-2: Ball
2-2: DOUBLE (Line Drive, 89D, EV 98.1 MPH)
Batting: RHB Don Skerrett 0-0: Ball
1-0: Ball
2-0: Ball
3-0: Base on Balls
Batting: RHB Cédric Causse 0-0: Called Strike
0-1: Ball
1-1: SINGLE (Groundball, 6MD, EV 98.1 MPH)
Frank Morris to third
Don Skerrett to second
Runner from 3rd tries for Home, SAFE, no throw by CF
Batting: RHB Tae-wan Park 0-0: Ball
1-0: Ball
2-0: Foul Ball, location: 2F
2-1: Foul Ball, location: 2F
2-2: Ball
3-2: Strikes out swinging
Batting: RHB José García 0-0: Ball
1-0: SINGLE (Groundball, 4MD, EV 98.8 MPH)
Don Skerrett to third
Cédric Causse to second
Runner from 3rd tries for Home, SAFE, throw by CF to home
Batting: LHB Ji-e Loh 0-0: Ball
1-0: Foul Ball, location: 2F
1-1: Ball
2-1: Ball
3-1: Foul Ball, location: 2F
3-2: Ground out 3-1 (Groundball, 34, EV 104.4 MPH)
Top of the 2nd over - 2 runs, 3 hits, 0 errors, 2 left on base; Asheville 2 - Belvedere Park 0
BOTTOM OF THE 2ND
Belvedere Park Rawhides batting - Pitching for Asheville Highlanders : RHP Patrick Nicolas
Batting: RHB Roger Snodgrass 0-0: Foul Ball, location: 2F
0-1: Ball
1-1: Called Strike
1-2: Ball
2-2: Foul Ball, location: 2F
2-2: Fly out, F7 (Flyball, 7LM, EV 100.6 MPH)
Batting: LHB Abraham Ruenuitz 0-0: Ball
1-0: SINGLE (Line Drive, 6D, EV 98.8 MPH)
Batting: SHB Rodrigo Santana 0-0: Ball
1-0: Ball
2-0: Called Strike
2-1: SINGLE (Groundball, 3D, EV 105.0 MPH)
Abraham Ruenuitz to second
Runner from 2nd tries for 3rd, SAFE, no throw by RF
Batting: SHB Amadeo Álvarez 0-0: Foul Ball, location: 2F
0-1: Fly out, F4 (Line Drive, 4, EV 68.1 MPH)
Batting: SHB Ron Carlisle 0-0: Ball
1-0: Called Strike
1-1: Ball
2-1: Ground out 4-3 (Groundball, 4, EV 93.8 MPH)
Bottom of the 2nd over - 0 runs, 2 hits, 0 errors, 2 left on base; Asheville 2 - Belvedere Park 0
TOP OF THE 3RD
Asheville Highlanders batting - Pitching for Belvedere Park Rawhides : RHP Craig Mack
Batting: RHB Cleveland Kraut 0-0: Ball
1-0: Swinging Strike
1-1: Swinging Strike
1-2: Ball
2-2: Strikes out swinging
Batting: RHB Tony Castellanos 0-0: Called Strike
0-1: Swinging Strike
0-2: Strikes out swinging
Batting: SHB Christian Cole 0-0: Ball
1-0: Ball
2-0: Foul Ball, location: 2F
2-1: Foul Ball, location: 2F
2-2: Foul Ball, location: 2F
2-2: Ground out 4-3 (Groundball, 4S, EV 68.8 MPH)
Top of the 3rd over - 0 runs, 0 hits, 0 errors, 0 left on base; Asheville 2 - Belvedere Park 0
BOTTOM OF THE 3RD
Belvedere Park Rawhides batting - Pitching for Asheville Highlanders : RHP Patrick Nicolas
Batting: SHB Hélio Capriati 0-0: Ball
1-0: Ball
2-0: Called Strike
2-1: Fly out, F7 (Flyball, 7LSF, EV 85.6 MPH)
Batting: RHB Cristóbal Arteaga 0-0: Ball
1-0: Ball
2-0: SINGLE (Flyball, 9S, EV 90.0 MPH)
Batting: RHB Jun-soo Yi 0-0: Called Strike
0-1: Foul Ball, location: 2F
0-2: Ball
Cristóbal Arteaga is caught stealing 2nd base 2-4
1-2: Reached on error, E6 (Groundball, 6, EV 106.2 MPH)
Batting: RHB Mauro Jasso 0-0: Ball
1-0: Ball
2-0: Ball
3-0: Called Strike
3-1: Base on Balls
Jun-soo Yi to second
Batting: RHB Roger Snodgrass 0-0: Called Strike
0-1: Ball
1-1: Ball
2-1: Ball
3-1: Fly out, F8 (Flyball, 78M, EV 96.9 MPH)
Bottom of the 3rd over - 0 runs, 1 hit, 1 error, 2 left on base; Asheville 2 - Belvedere Park 0
TOP OF THE 4TH
Asheville Highlanders batting - Pitching for Belvedere Park Rawhides : RHP Craig Mack
Batting: LHB Frank Morris 0-0: Ball
1-0: SINGLE (Groundball, 4MD, EV 108.8 MPH)
Batting: RHB Don Skerrett 0-0: Ball
1-0: Called Strike
1-1: Ball
2-1: Ball
3-1: Swinging Strike
3-2: Foul Ball, location: 2F
3-2: Strikes out swinging
Batting: RHB Cédric Causse 0-0: Ball
1-0: Called Strike
1-1: Ball
2-1: Called Strike
2-2: Fly out, F7 (Flyball, 78S, EV 92.5 MPH)
Batting: RHB Tae-wan Park 0-0: Ball
1-0: Ball
2-0: Ball
3-0: Called Strike
3-1: Foul Ball, location: 2F
3-2: Foul Ball, location: 2F
3-2: Foul Ball, location: 2F
3-2: Base on Balls
Frank Morris to second
Batting: RHB José García 0-0: Swinging Strike
0-1: Ball
1-1: Ball
2-1: Foul Ball, location: 2F
2-2: Ball
3-2: Foul Ball, location: 2F
3-2: Foul Ball, location: 2F
3-2: Foul Ball, location: 2F
3-2: Base on Balls
Frank Morris to third
Tae-wan Park to second
Pitching: LHP Javier Vallejo
Batting: LHB Ji-e Loh 0-0: Ball
1-0: Swinging Strike
1-1: Ball
2-1: Called Strike
2-2: Foul Ball, location: 2F
2-2: Ground out 4-3 (Groundball, 4, EV 93.8 MPH)
Top of the 4th over - 0 runs, 1 hit, 0 errors, 3 left on base; Asheville 2 - Belvedere Park 0
BOTTOM OF THE 4TH
Belvedere Park Rawhides batting - Pitching for Asheville Highlanders : RHP Patrick Nicolas
Batting: LHB Abraham Ruenuitz 0-0: Fly out, F9 (Line Drive, 9, EV 86.9 MPH)
Batting: SHB Rodrigo Santana 0-0: Foul Ball, location: 2F
0-1: Ball
1-1: Foul Ball, location: 2F
1-2: Ball
2-2: Strikes out looking
Batting: SHB Amadeo Álvarez 0-0: Called Strike
0-1: Ball
1-1: Ball
2-1: Ball
3-1: Called Strike
3-2: Foul Ball, location: 2F
3-2: Base on Balls
Batting: SHB Ron Carlisle 0-0: Ball
1-0: Fly out, F4 (Flyball, 4D, EV 87.5 MPH)
Bottom of the 4th over - 0 runs, 0 hits, 0 errors, 1 left on base; Asheville 2 - Belvedere Park 0
TOP OF THE 5TH
Asheville Highlanders batting - Pitching for Belvedere Park Rawhides : LHP Javier Vallejo
Batting: RHB Cleveland Kraut 0-0: Fly out, F7 (Flyball, 78M, EV 95.6 MPH)
Batting: RHB Tony Castellanos 0-0: Ball
1-0: Ball
2-0: Foul Ball, location: 2F
2-1: Ball
3-1: Base on Balls
Batting: SHB Christian Cole 0-0: Ball
1-0: Foul Ball, location: 2F
1-1: Ball
Tony Castellanos steals 2nd base
2-1: Ground out 4-3 (Groundball, 4, EV 85.6 MPH)
Tony Castellanos to third
Batting: LHB Frank Morris 0-0: Ball
1-0: Called Strike
1-1: Ball
2-1: SINGLE (Groundball, 6MD, EV 108.1 MPH)
Tony Castellanos scores
Batting: RHB Don Skerrett 0-0: Ball
1-0: Ground out 1-3 (Groundball, 15, EV 93.1 MPH)
Top of the 5th over - 1 run, 1 hit, 0 errors, 1 left on base; Asheville 3 - Belvedere Park 0
BOTTOM OF THE 5TH
Belvedere Park Rawhides batting - Pitching for Asheville Highlanders : RHP Patrick Nicolas
Batting: SHB Hélio Capriati 0-0: Ball
1-0: SINGLE (Flyball, 8RS, EV 89.4 MPH)
Batting: RHB Cristóbal Arteaga 0-0: Ball
1-0: Ball
2-0: Ball
3-0: Called Strike
3-1: Fielders Choice at 2nd, 5-4 (Groundball, 56S, EV 84.4 MPH)
Pitching: RHP Michael White
Batting: RHB Jun-soo Yi 0-0: Ball
Cristóbal Arteaga is caught stealing 2nd base 2-4
1-0: Foul Ball, location: 2F
1-1: Called Strike
1-2: Strikes out looking
Bottom of the 5th over - 0 runs, 1 hit, 0 errors, 0 left on base; Asheville 3 - Belvedere Park 0
TOP OF THE 6TH
Asheville Highlanders batting - Pitching for Belvedere Park Rawhides : LHP Javier Vallejo
Batting: RHB Cédric Causse 0-0: Called Strike
0-1: Foul Ball, location: 2F
0-2: Strikes out swinging, 2-3 out at first.
Batting: RHB Tae-wan Park 0-0: SINGLE (Flyball, 3D, EV 88.8 MPH)
Batting: RHB José García 0-0: Ball
1-0: Ball
2-0: Foul Ball, location: 2F
2-1: Grounds into double play, 1-6-3 (Groundball, 13, EV 65.6 MPH)
Top of the 6th over - 0 runs, 1 hit, 0 errors, 0 left on base; Asheville 3 - Belvedere Park 0
BOTTOM OF THE 6TH
Belvedere Park Rawhides batting - Pitching for Asheville Highlanders : RHP Michael White
Batting: RHB Mauro Jasso 0-0: Ball
1-0: Called Strike
1-1: Foul Ball, location: 2F
1-2: Ground out 2-3 (Groundball, 13S, EV 68.8 MPH)
Batting: RHB Roger Snodgrass 0-0: Ball
1-0: Foul Ball, location: 2F
1-1: Fly out, F7 (Flyball, 7S, EV 86.9 MPH)
Batting: LHB Abraham Ruenuitz 0-0: Foul Ball, location: 2F
0-1: Ball
1-1: Ball
2-1: Foul Ball, location: 2F
2-2: SOLO HOME RUN (Flyball, 9D, EV 102.5 MPH), Distance : 354 ft
Batting: SHB Rodrigo Santana 0-0: Ground out 3-1 (Groundball, 34, EV 101.2 MPH)
Bottom of the 6th over - 1 run, 1 hit, 0 errors, 0 left on base; Asheville 3 - Belvedere Park 1
TOP OF THE 7TH
Asheville Highlanders batting - Pitching for Belvedere Park Rawhides : LHP Javier Vallejo
Batting: LHB Ji-e Loh 0-0: Ball
1-0: Ground out 4-3 (Groundball, 4, EV 91.2 MPH)
Batting: RHB Cleveland Kraut 0-0: Ball
1-0: Swinging Strike
1-1: Called Strike
1-2: Strikes out swinging
Batting: RHB Tony Castellanos 0-0: Ball
1-0: Foul Ball, location: 2F
1-1: Fly out, F4 (Popup, 4MD, EV 48.8 MPH)
Top of the 7th over - 0 runs, 0 hits, 0 errors, 0 left on base; Asheville 3 - Belvedere Park 1
BOTTOM OF THE 7TH
Belvedere Park Rawhides batting - Pitching for Asheville Highlanders : RHP Michael White
Batting: SHB Amadeo Álvarez 0-0: Called Strike
0-1: Ball
1-1: Called Strike
1-2: Foul Ball, location: 2F
1-2: Fly out, F7 (Flyball, 7S, EV 88.1 MPH)
Batting: SHB Ron Carlisle 0-0: Ball
1-0: Foul Ball, location: 2F
1-1: Foul Ball, location: 2F
1-2: Strikes out swinging
Batting: SHB Hélio Capriati 0-0: Ground out 6-3 (Groundball, 6, EV 102.5 MPH)
Bottom of the 7th over - 0 runs, 0 hits, 0 errors, 0 left on base; Asheville 3 - Belvedere Park 1
TOP OF THE 8TH
Asheville Highlanders batting - Pitching for Belvedere Park Rawhides : LHP Javier Vallejo
Batting: SHB Christian Cole 0-0: Ball
1-0: Ball
2-0: Called Strike
2-1: Foul Ball, location: 2F
2-2: Strikes out swinging
Batting: LHB Frank Morris 0-0: Ball
1-0: SINGLE (Groundball, 56D, EV 96.2 MPH)
Batting: RHB Don Skerrett 0-0: Ball
1-0: Called Strike
1-1: Ball
Wild Pitch!
Frank Morris to second
2-1: Swinging Strike
2-2: Foul Ball, location: 2F
2-2: Strikes out swinging
Batting: RHB Cédric Causse 0-0: Called Strike
0-1: Foul Ball, location: 2F
0-2: Ball
1-2: Foul Ball, location: 2F
1-2: DOUBLE (Flyball, 78XD, EV 106.2 MPH)
Frank Morris scores
Pitching: RHP Ed Kreuze
Batting: RHB Tae-wan Park 0-0: Ball
1-0: Swinging Strike
1-1: Ball
2-1: Foul Ball, location: 2F
2-2: Ball
3-2: Fly out, F7 (Flyball, 78S, EV 84.4 MPH)
Top of the 8th over - 1 run, 2 hits, 0 errors, 1 left on base; Asheville 4 - Belvedere Park 1
BOTTOM OF THE 8TH
Belvedere Park Rawhides batting - Pitching for Asheville Highlanders : RHP Michael White
Batting: RHB Cristóbal Arteaga 0-0: Ball
1-0: Ball
2-0: Ground out 5-3 (Groundball, 56, EV 100.6 MPH)
Batting: RHB Jun-soo Yi 0-0: Ball
1-0: Called Strike
1-1: Ball
2-1: Fly out, F8 (Flyball, 8LM, EV 90.6 MPH)
Batting: RHB Mauro Jasso 0-0: Ball
1-0: Ball
2-0: Foul Ball, location: 2F
2-1: Ground out 6-3 (Groundball, 6, EV 76.2 MPH)
Bottom of the 8th over - 0 runs, 0 hits, 0 errors, 0 left on base; Asheville 4 - Belvedere Park 1
TOP OF THE 9TH
Asheville Highlanders batting - Pitching for Belvedere Park Rawhides : RHP Ed Kreuze
Batting: RHB José García 0-0: Ball
1-0: Ball
2-0: Ball
3-0: Base on Balls
Batting: LHB Ji-e Loh 0-0: Foul Ball, location: 2F
0-1: Ball
1-1: Called Strike
1-2: Ball
2-2: Foul Ball, location: 2F
2-2: Ball
3-2: 2-RUN HOME RUN (Flyball, 9LD, EV 93.1 MPH), Distance : 332 ft
Batting: RHB Cleveland Kraut 0-0: Called Strike
0-1: Ball
1-1: Foul Ball, location: 2F
1-2: Fly out, F8 (Flyball, 8RXD, EV 108.8 MPH)
Batting: RHB Tony Castellanos 0-0: Ball
1-0: Swinging Strike
1-1: Swinging Strike
1-2: Ball
2-2: Foul Ball, location: 2F
2-2: Fly out, F9 (Flyball, 9D, EV 97.5 MPH)
Batting: SHB Christian Cole 0-0: Called Strike
0-1: Called Strike
0-2: Strikes out swinging
Top of the 9th over - 2 runs, 1 hit, 0 errors, 0 left on base; Asheville 6 - Belvedere Park 1
BOTTOM OF THE 9TH
Belvedere Park Rawhides batting - Pitching for Asheville Highlanders : RHP Michael White
Batting: RHB Roger Snodgrass 0-0: Foul Ball, location: 2F
0-1: Ball
1-1: Ball
2-1: Foul Ball, location: 2F
2-2: Foul Ball, location: 2F
2-2: Ball
3-2: Foul Ball, location: 2F
3-2: Ground out 5-3 (Groundball, 56, EV 81.2 MPH)
Batting: LHB Abraham Ruenuitz 0-0: Ground out 5-3 (Groundball, 56, EV 100.6 MPH)
Batting: SHB Rodrigo Santana 0-0: Called Strike
0-1: SINGLE (Groundball, 56D, EV 94.4 MPH)
Batting: SHB Amadeo Álvarez 0-0: Ball
1-0: Ball
2-0: Ball
3-0: Base on Balls
Rodrigo Santana to second
Pitching: RHP Jake Haynes
Batting: SHB Ron Carlisle 0-0: Called Strike
0-1: Ball
1-1: Ball
2-1: Fly out, F8 (Flyball, 8LM, EV 82.5 MPH)
Bottom of the 9th over - 0 runs, 1 hit, 0 errors, 2 left on base; Asheville 6 - Belvedere Park 1
Wednesday, July 8th, 2020 - OOTP Baseball 20.8 Build 74